[Event "Polish University-ch Teams 2024"]
[Site "Lublin"]
[Date "2024.02.25"]
[Round "9.19"]
[White "Snihur, Piotr"]
[Black "Pacan-Milej, Kosma"]
[Result "0-1"]
[ECO "E62"]
[WhiteElo "2278"]
[BlackElo "2438"]
[Annotator "TA"]
[PlyCount "70"]
[EventDate "2024.02.22"]
[EventType "team-tourn"]
[EventCountry "POL"]
[SourceTitle "playchess.com"]
[Source "ChessBase"]
[SourceQuality "1"]
[TimeControl "900+5"]

1. Nf3 Nf6 2. g3 g6 3. Bg2 Bg7 4. O-O O-O 5. c4 d6 6. Nc3 e5 7. d4 Nc6 8. d5 Nb8 9. b3 a5 10. Bb2 ({White should play} 10. e4 $14) 10... Na6 11. a3 {[%emt 0:00:07] The position is equal.} Nd7 {[%emt 0:00:29][%cal Bf6d7,Bd7e5,Be5d3][%mdl 32] [#]} 12. b4 $1 f5 (12... Nb6 13. Qb3) 13. e3 ({White should try} 13. e4 $14) 13... e4 $15 14. Nd4 Ne5 15. Qb3 Nd3 16. b5 (16. Nce2 $11) 16... Nac5 $17 {[%emt 0:00:11] Black is more active.} 17. Qc2 Nxb2 18. Qxb2 {[%emt 0:00:01] [#]} b6 (18... f4 $142 $1 {White must now prevent ...f3.} 19. gxf4 Bxd4 20. exd4 Nd3) 19. Rad1 Qf6 20. Qc2 Bd7 21. Nce2 g5 {[%emt 0:00:36] Wards off Nf4} 22. Rd2 Rae8 23. Kh1 h5 24. Qd1 Qh6 25. h3 (25. Rg1 {was necessary.}) 25... h4 $19 26. Ng1 (26. Nc6 $142) 26... g4 27. Nde2 hxg3 28. fxg3 Qxe3 29. Nf4 (29. Ra2 $142) 29... Qxg3 {[%emt 0:00:40] Black is clearly winning.} 30. Nge2 Qe3 31. Ng6 Rf6 32. Nef4 Nd3 {[%emt 0:00:02][%cal Of6g6] ...Rxg6! is the strong threat.} 33. Qe2 Qxe2 34. Rxe2 Nxf4 35. Nxf4 Rh6 {[%emt 0:00:00] Weighted Error Value: White=0.62/Black=0.24 (precise) .  Mistake:       	White=6     	Black=1      Inaccurate:     	---       	Black=1      OK:         	White=7     	Black=10     Best:        	---       	Black=3} 0-1

[Event "Polish University-ch Teams 2024"]
[Site "Lublin"]
[Date "2024.02.25"]
[Round "9.20"]
[White "Redzisz, Michal"]
[Black "Sliwicka, Alicja"]
[Result "1/2-1/2"]
[ECO "A57"]
[WhiteElo "2229"]
[BlackElo "2309"]
[Annotator "TA"]
[PlyCount "73"]
[EventDate "2024.02.22"]
[EventType "team-tourn"]
[EventCountry "POL"]
[SourceTitle "playchess.com"]
[Source "ChessBase"]
[SourceQuality "1"]
[TimeControl "900+5"]

1. d4 Nf6 2. c4 c5 3. d5 b5 4. cxb5 a6 5. e3 e6 6. Nc3 axb5 7. dxe6 fxe6 8. Bxb5 Be7 {[%emt 0:00:32] White is slightly better.} 9. Nf3 O-O 10. e4 Bb7 11. Bd3 Nc6 12. O-O Nd4 13. Nxd4 cxd4 14. e5 dxc3 15. exf6 Bxf6 16. bxc3 Qa5 17. Be3 Rac8 {[%emt 0:02:04] [#]} (17... Bc6 $11) 18. Bxh7+ $1 $14 Kxh7 19. Qb1+ $1 (19. Qxd7 $2 {perishes.} Bd5 20. Rac1 Qxa2 $19 (20... Bxa2 $2 21. Bd4 $19)) 19... Qf5 20. Qxb7 Rxc3 21. Rac1 {[%emt 0:01:09] Rxc3 is the strong threat.} (21. Qxd7 Rd3 22. Qa4 Bxa1 23. Rxa1 Qd5 $17) 21... Rxc1 22. Rxc1 d5 23. Qb4 {[%emt 0:01:01] Prevents d4.} Bg5 $1 {[%emt 0:00:46] And now ...Bxe3 would win.} 24. Qd2 Bf6 25. Qb4 (25. Qe2 $11) 25... Bg5 $1 {[%emt 0:00:05] Strongly threatening ...Bxe3.} 26. Qb1 {[%emt 0:00:09] White is more active.} (26. Qe1 $14) 26... Qxb1 $11 27. Rxb1 Bxe3 28. fxe3 {[%emt 0:00:01][%mdl 4096] Endgame. KR-KR} Kg6 (28... Ra8 $11 {remains equal.}) 29. a4 $16 Ra8 {[%emt 0:00:06] [#]} 30. Rb4 (30. Ra1 $142 $1) 30... Kf5 31. Kf2 g5 32. h3 Ke5 33. Kf3 Kf5 (33... Kd6 $142) 34. Kg3 Ra7 35. Kf3 Ra8 $1 36. Ke2 Ke5 37. Kf3 {[%emt 0:00:01] Weighted Error Value: White=0.16 (very precise) /Black=0.16 (very precise) .  Mistake:       	White=4     	Black=3      Inaccurate:     	White=5     	Black=3      OK:         	White=10    	Black=7      Best:        	White=2     	Black=3      Strong:       	White=1     	Black=3      Brilliant:      	White=1     	---} ({White should try} 37. Kd2 $16) 1/2-1/2

[Event "Polish University-ch Teams 2024"]
[Site "Lublin"]
[Date "2024.02.25"]
[Round "9.21"]
[White "Brzezinski, Mateusz"]
[Black "Galuszka, Tomasz"]
[Result "0-1"]
[ECO "D02"]
[WhiteElo "2176"]
[BlackElo "2181"]
[Annotator "RC"]
[PlyCount "140"]
[EventDate "2024.02.22"]
[EventType "team-tourn"]
[EventCountry "POL"]
[SourceTitle "playchess.com"]
[Source "ChessBase"]
[SourceQuality "1"]
[TimeControl "900+5"]

1. d4 d5 2. Nf3 Nf6 3. c3 Bf5 4. Bf4 e6 5. e3 Bd6 6. Nbd2 O-O 7. Bg3 h6 8. Ne5 Nfd7 9. Be2 Nxe5 10. dxe5 Bc5 11. O-O Bb6 12. a4 a6 13. a5 Ba7 14. Qb3 Qc8 15. c4 dxc4 16. Nxc4 Be4 17. Rfd1 Nc6 18. Qc3 Ne7 19. f3 Bc6 20. Bf2 Nd5 21. Qe1 Rd8 22. Bf1 Bc5 23. e4 Bb4 24. Qe2 Bb5 25. Qc2 Ne7 26. Be1 Bxe1 27. Rxe1 Qb8 28. Ne3 Nc6 29. Bxb5 axb5 30. Qc5 Nd4 31. Rad1 b6 32. axb6 cxb6 33. Qe7 Qxe5 34. Rc1 Qg5 35. Qxg5 hxg5 36. Nc2 Nxc2 37. Rxc2 Ra2 38. Kf2 Rd4 39. Ree2 Kh7 40. Ke3 Rb4 41. Kd3 Rb3+ 42. Kd2 Rbxb2 43. Kd3 Rb3+ 44. Kd4 Ra4+ 45. Ke5 Rc4 46. Ra2 Rc6 47. Rec2 f6+ 48. Kd4 Rb4+ 49. Kd3 Rd6+ 50. Ke3 e5 51. Rab2 Rdd4 52. Rxb4 Rxb4 53. Rc6 Rb2 54. g3 Rxh2 55. Rxb6 Rb2 56. Rb7 Kg8 57. Kd3 Rb3+ 58. Ke2 Kf8 59. Kf2 b4 60. Kg2 g6 61. Rb6 Ke7 62. Rb7+ Kd6 63. Rb6+ Kc5 64. Rxf6 Rd3 65. Re6 b3 66. Rxe5+ Kc4 67. Re8 b2 68. Rc8+ Kb3 69. f4 gxf4 70. gxf4 Rd4 0-1

[Event "Polish University-ch Teams 2024"]
[Site "Lublin"]
[Date "2024.02.25"]
[Round "9.22"]
[White "Skurniak, Szymon"]
[Black "Drozdowski, Konrad"]
[Result "0-1"]
[ECO "C47"]
[WhiteElo "2096"]
[BlackElo "2117"]
[Annotator "NA"]
[PlyCount "74"]
[EventDate "2024.02.22"]
[EventType "team-tourn"]
[EventCountry "POL"]
[SourceTitle "playchess.com"]
[Source "ChessBase"]
[SourceQuality "1"]
[TimeControl "900+5"]

1. e4 e5 2. Nf3 Nf6 3. Nc3 Nc6 4. a3 d5 5. Bb5 Nxe4 6. Qe2 Qd6 7. Nxe4 dxe4 8. Qxe4 Bd7 9. O-O f6 10. d4 f5 11. Qe2 e4 12. d5 Ne7 13. Bxd7+ Qxd7 14. Ne5 Qxd5 15. Bf4 Nc6 16. Rad1 Qe6 17. Qb5 Rc8 18. Qxb7 Nxe5 19. Bxe5 Be7 20. Bc3 O-O 21. Qxa7 Bd6 22. Rxd6 Qxd6 23. Bb4 c5 24. Bc3 Rf7 25. Qa4 Qe6 26. Re1 Qd5 27. Qa6 Re8 28. Qe2 f4 29. f3 Rfe7 30. Qb5 h6 31. fxe4 Rxe4 32. Qxe8+ Rxe8 33. Rxe8+ Kf7 34. Re2 g5 35. b4 Qc4 36. Re5 Qxc3 37. Rxc5 Qe1# 0-1

[Event "Polish University-ch Teams 2024"]
[Site "Lublin"]
[Date "2024.02.25"]
[Round "9.23"]
[White "Paziak, Patryk"]
[Black "Dziendziel, Mateusz"]
[Result "0-1"]
[ECO "B53"]
[WhiteElo "1781"]
[BlackElo "1975"]
[Annotator "NA"]
[PlyCount "144"]
[EventDate "2024.02.22"]
[EventType "team-tourn"]
[EventCountry "POL"]
[SourceTitle "playchess.com"]
[Source "ChessBase"]
[SourceQuality "1"]
[TimeControl "900+5"]

1. e4 c5 2. Nf3 d6 3. d4 cxd4 4. Qxd4 Nf6 5. Bb5+ Bd7 6. Bxd7+ Qxd7 7. O-O Nc6 8. Qd3 g6 9. c4 Bg7 10. Nc3 O-O 11. h3 Rac8 12. Bf4 Rfd8 13. Rac1 b6 14. Rfd1 Qb7 15. b3 Nh5 16. Be3 Nb4 17. Qb1 Na6 18. Nd5 Nc5 19. Bg5 Re8 20. b4 Ne6 21. Be3 Nf6 22. Qd3 Nd7 23. Rc2 Nc7 24. Rdc1 Na6 25. a3 Kf8 26. Qd2 Kg8 27. Bg5 Nf8 28. Bh6 Bh8 29. Qf4 Ne6 30. Qh4 Bg7 31. Bxg7 Kxg7 32. Qg3 Nac7 33. Nh4 Kf8 34. Qc3 Kg8 35. Qg3 Kf8 36. Qe3 Kg7 37. f4 Nxd5 38. exd5 Nf8 39. Qd4+ Kg8 40. f5 Nd7 41. fxg6 hxg6 42. Rc3 Ne5 43. Rg3 b5 44. c5 a5 45. c6 Qc7 46. Nf5 e6 47. Nh6+ Kg7 48. Ng4 exd5 49. Qxd5 axb4 50. axb4 Qa7+ 51. Kh2 Qe7 52. Ne3 Qe6 53. Qe4 Red8 54. Rf1 d5 55. Nf5+ Kg8 56. Qh4 Rxc6 57. Ne7+ Kg7 58. Nxc6 Nxc6 59. Rgf3 Rd7 60. Qf4 d4 61. Rc1 Ne5 62. Rg3 Nc6 63. Rc5 f6 64. Rxb5 Ne5 65. Rb8 d3 66. Qh4 Nf7 67. Qf4 d2 68. Rxg6+ Kxg6 69. Rg8+ Kh7 70. Rg3 Qe5 71. Qh4+ Nh6 72. Qc4 d1=Q 0-1

[Event "Polish University-ch Teams 2024"]
[Site "Lublin"]
[Date "2024.02.25"]
[Round "9.24"]
[White "Pisarek, Elzbieta"]
[Black "Rykala, Monika"]
[Result "0-1"]
[ECO "B51"]
[WhiteElo "1754"]
[BlackElo "1893"]
[Annotator "NA"]
[PlyCount "110"]
[EventDate "2024.02.22"]
[EventType "team-tourn"]
[EventCountry "POL"]
[SourceTitle "playchess.com"]
[Source "ChessBase"]
[SourceQuality "1"]
[TimeControl "900+5"]

1. e4 c5 2. Nf3 Nc6 3. Bb5 d6 4. O-O e6 5. c3 Qb6 6. Bxc6+ Qxc6 7. Re1 Be7 8. d4 d5 9. e5 c4 10. a4 Bd7 11. Be3 Rb8 12. Qc2 Qb6 13. Nbd2 Qd8 14. Nf1 h5 15. Qd2 Nh6 16. Bg5 Nf5 17. Ng3 Bxg5 18. Qxg5 Qxg5 19. Nxg5 Nxg3 20. hxg3 Ke7 21. Nf3 b6 22. Re2 a6 23. Kf1 Rhc8 24. Ke1 Rc7 25. Kd1 b5 26. axb5 axb5 27. Rc2 b4 28. Rcc1 Rcb7 29. Nd2 bxc3 30. bxc3 Rb2 31. Rab1 Ba4+ 32. Ke1 Bd7 33. Kd1 f6 34. exf6+ gxf6 35. Rxb2 Rxb2 36. Rb1 Ba4+ 37. Ke1 Rc2 38. Rb7+ Bd7 39. Nb1 e5 40. dxe5 fxe5 41. Kf1 Kd6 42. Ke1 Bc6 43. Rb6 Kc5 44. Rb8 d4 45. cxd4+ exd4 46. Nd2 Bxg2 47. Rc8+ Kb4 48. Rd8 d3 49. Kd1 Ra2 50. Kc1 Rc2+ 51. Kd1 Kc3 52. Nb1+ Kb2 53. Rb8+ Ka2 54. Nd2 c3 55. Nc4 Bf3+ 0-1